 Dungeon Crawl Stone Soup version 0.30.1-11-g7821555f0a (webtiles) character file.

Game seed: 4136191154820834953

50 KyoPewz the Vexing (level 3, 0/15 HPs)
             Began as a Felid Enchanter on Oct 29, 2023.
             Constricted to death by a ball python (1 damage)
             ... on level 2 of the Dungeon.
             The game lasted 00:03:22 (1218 turns).

KyoPewz the Vexing (Felid Enchanter)                Turns: 1218, Time: 00:03:22

Health: 0/15       AC:  1    Str:  4    XL:     3   Next: 55%
Magic:  1/7        EV: 14    Int: 16    God:
Gold:   70         SH:  0    Dex: 18    Spells: 1/6 levels left
                                        Lives:  0   Deaths: 0

rFire   . .          .
                       - Unarmed
rCold   . . .        (shield unavailable)
rNeg    . . .        (body armour unavailable)
rPois   .            (helmet unavailable)
rElec   .            (cloak unavailable)
rCorr   .            (gloves unavailable)
SInv    +            (boots unavailable)
Will    .....        (no amulet)
Stlth   +++          (no ring)
HPRegen 0.22/turn    (no ring)
MPRegen 0.10/turn

%: no passive effects
@: very slightly contaminated, constricted, quick
A: very small, claws 1, fangs 3, see invisible, speed 1, shaggy fur 1, stealthy
paws, no weapons or thrown items, no armour, multi-lived
a: no special abilities


You were on level 2 of the Dungeon.
You visited 1 branch of the dungeon, and saw 2 of its levels.

You collected 70 gold pieces.

Inventory:

Scrolls
 b - a scroll of fear {unknown}
 c - a scroll of enchant weapon {unknown}
 d - a scroll of poison {unknown}
 e - a scroll of enchant armour {unknown}
Potions
 a - 2 potions of invisibility


   Skills:
 + Level 0.9 Fighting
 - Level 2.6 Dodging
 + Level 4.4 Stealth
 + Level 1.6 Unarmed Combat
 - Level 2.0 Spellcasting
 + Level 4.6 Hexes
 - Level 2.0 Ice Magic


You had one spell level left.
You knew the following spells:

 Your Spells              Type           Power      Damage    Failure   Level
a - Ensorcelled Hibernat  Hex/Ice        24%        N/A       9%          2
b - Tukima's Dance        Hex            16%        N/A       10%         3

Your spell library contained the following spells:

 Spells                   Type           Power      Damage    Failure   Level
 Confusing Touch          Hex            16%        N/A       10%         3
 Dazzling Flash           Conj/Hex       16%        N/A       24%         3


Dungeon Overview and Level Annotations

Branches:
Dungeon (2/15)

Altars:

Annotations:
D:2 Robin


Innate Abilities, Weirdness & Mutations

You have sharp claws.
You have razor-sharp teeth.
You have supernaturally acute eyesight. (SInv)
You cover ground quickly. (Speed+)
You are covered in fur. (AC +1)
Your paws help you pounce on unaware monsters.
You are incapable of wielding weapons or throwing items.
You cannot wear armour.
You gain extra lives every three experience levels.


Message History

The ball python barely misses you. The ball python constricts you.
You take 1 damage, and have 9/15 hp.
You now have 3/7 mp.
Casting: Ensorcelled Hibernation (safe; 9% risk of failure)
Confirm with . or Enter, or press ? or * to list all spells.
Aiming: Ensorcelled Hibernation (safe; 9% risk of failure)
Press: ? - help, Shift-Dir - straight line, f/p - ball python
Aim: a ball python (constricting you, chance to affect: 63%)
The ball python resists with significant effort.
The ball python bites you. The ball python constricts you.
The ball python bites you. The ball python constricts you.
You take 2 damage, and have 7/15 hp.
You now have 1/7 mp.
Casting: Ensorcelled Hibernation (safe; 9% risk of failure)
Confirm with . or Enter, or press ? or * to list all spells.
You don't have enough magic to cast this spell.
Unknown command.
You scratch the ball python but do no damage.
The ball python bites you. The ball python constricts you.
* * * LOW HITPOINT WARNING * * *
You take 3 damage, and have 4/15 hp.
The ball python's grasp on you weakens, but your attempt to escape fails.
The ball python bites you but does no damage.
The ball python constricts you.
* * * LOW HITPOINT WARNING * * *
You take 1 damage, and have 3/15 hp.
Casting: Ensorcelled Hibernation (safe; 9% risk of failure)
Confirm with . or Enter, or press ? or * to list all spells.
You don't have enough magic to cast this spell.
Unknown command.
You barely miss the ball python. The ball python bites you.
* * * LOW HITPOINT WARNING * * *
The ball python constricts you.
You take 2 damage, and have 1/15 hp.
Casting: Ensorcelled Hibernation (safe; 9% risk of failure)
Confirm with . or Enter, or press ? or * to list all spells.
You don't have enough magic to cast this spell.
Unknown command.
You scratch the ball python.
The ball python is moderately wounded.
The ball python closely misses you. The ball python constricts you.
You die...

#..
###.#######
###.....g...S
#.........g.S
#>(.....ggggg
#.....#
#.###.#
#)###.#
#..@Sg#
#.##### #.##
#..######
##.#....#
#)#....#
#.'....#####
###........#
########.#


You could see a goblin and a ball python.

Vanquished Creatures
  2 adders (D:2)
  A dart slug (D:1)
  2 endoplasms (D:1)
  A giant cockroach (D:1)
  2 goblins (D:2)
  3 hobgoblins
  4 quokkas (D:1)
  3 ball pythons
  4 bats
  A frilled lizard (D:1)
  2 kobolds (D:1)
  4 rats (D:1)
29 creatures vanquished.

Notes
Turn   | Place    | Note
-------+----------+-------------------------------------------
     0 | D:1      | KyoPewz the Felid Enchanter began the quest for the Orb.
     0 | D:1      | Reached XP level 1. HP: 7/7 MP: 4/4
   194 | D:1      | Reached XP level 2. HP: 12/12 MP: 6/6
   229 | D:1      | Learned a level 2 spell: Ensorcelled Hibernation
   664 | D:1      | Reached skill level 1 in Ice Magic
   928 | D:2      | Reached XP level 3. HP: 15/15 MP: 2/7
  1096 | D:2      | Learned a level 3 spell: Tukima's Dance
  1127 | D:2      | Noticed Robin
  1218 | D:2      | Constricted to death by a ball python

Illustrated notes

Levels and vault maps discovered:
D:1:      scummos_arrival_hexagon, layout_basic
D:2:      layout_basic, uniq_robin, uniq_crazy_yiuf_cottage

Skill      XL: |  1  2  3 |
---------------+----------+-----
Ice Magic      | 1 2 |  2.0
Fighting       | |  0.9
Dodging        | |  2.6
Stealth        | |  4.4
Unarmed Combat | |  1.6
Spellcasting   | |  2.0
Hexes          | |  4.6

Action                     || total
---------------------------++-------
  Melee: Unarmed           ||    94
         Bite              ||     5
   Cast: Ensorcelled Hiber ||     8
   Stab: Sleeping          ||    11
 Armour: Skin              ||     7
  Dodge: Dodged            ||    59
